 Dungeon Crawl Stone Soup version 0.17-a0-1909-g0b14330 (webtiles) character file.

4291 Herrn the Cleaver (level 10, -4/79 HPs)
             Began as a Formicid Fighter on Sept 24, 2015.
             Was a Priest of Okawaru.
             Slain by a warg (12 damage)
             ... on level 8 of the Dungeon on Sept 25, 2015.
             The game lasted 00:22:29 (7808 turns).

Herrn the Cleaver (Formicid Fighter)                Turns: 7808, Time: 00:22:29

Health: -4/79      AC: 11    Str: 24    XL:     10   Next: 57%
Magic:  10/10      EV: 10    Int:  8    God:    Okawaru [***...]
Gold:   359        SH: 11    Dex: 10    Spells: 0 memorised, 9 levels left

rFire  . . .     SeeInvis +     a - +0 war axe
rCold  . . .     Clarity  .     F - +0 chain mail
rNeg   . . .     SustAt   .     c - +0 shield
rPois  .         Gourm    .     (helmet unavailable)
rElec  .         Spirit   .     (no cloak)
rCorr  .         Warding  .     z - +0 pair of gloves
rMut   +         Stasis   +     (no boots)
MR     +....                    n - amulet of resist mutation
Stlth  ..........               (no ring)
                                (no ring)

@: somewhat resistant to hostile enchantments, extremely unstealthy
A: permanent stasis, dig shafts and tunnels, four strong arms, antennae 3
a: Dig, Shaft Self, Heroism, Renounce Religion


You were on level 8 of the Dungeon.
You worshipped Okawaru.
Okawaru was most pleased with you.
You were full.

You visited 2 branches of the dungeon, and saw 9 of its levels.

You collected 383 gold pieces.
You spent 24 gold pieces at shops.

Inventory:

Hand weapons
 a - a +0 war axe (weapon)
Armour
 b - a +0 scale mail
 c - a +0 shield (worn)
 z - a +0 pair of gloves (worn)
 F - a +0 chain mail (worn)
Jewellery
 n - an amulet of resist mutation (around neck)
Magical devices
 m - a wand of invisibility (3)
 x - a wand of enslavement (8)
 C - a wand of teleportation (3)
Scrolls
 h - a scroll of teleportation
 i - 6 scrolls of remove curse
 j - 2 scrolls of random uselessness
 s - 2 scrolls of immolation
 u - 2 scrolls of enchant armour {unknown}
 y - a scroll of fear
 A - a scroll of noise
 D - 2 scrolls of enchant weapon {unknown}
 E - a scroll of recharging {unknown}
 G - a scroll of magic mapping {unknown}
 K - a scroll of blinking {unknown}
Potions
 g - 2 potions of haste
 k - a potion of flight {unknown}
 l - 2 potions of resistance {unknown}
 o - a potion of curing
 r - a potion of agility {unknown}
 t - a potion of lignification {unknown}
Books
 w - a book of Air

   Spells                             Type                      Level
   a - Shock                          Conjuration/Air              1
   b - Swiftness                      Charms/Air                   2
   c - Repel Missiles                 Charms/Air                   2
   d - Static Discharge               Conjuration/Air              3
   e - Lightning Bolt                 Conjuration/Air              5
 B - a Necronomicon

   Spells                             Type                      Level
   a - Haunt                          Necromancy/Summoning         7
   b - Borgnjor's Revivification      Necromancy                   8
   c - Death's Door                   Charms/Necromancy            8
   d - Necromutation                  Transmutation/Necromancy     8
 H - a book of the Sky

   Spells                             Type                      Level
   a - Summon Lightning Spire         Summoning/Air                4
   b - Airstrike                      Air                          4
   c - Silence                        Hexes/Air                    5
   d - Deflect Missiles               Charms/Air                   6
   e - Conjure Ball Lightning         Conjuration/Air              6
   f - Tornado                        Air                          9
Comestibles
 d - 2 slices of pizza
 e - 2 bread rations
 p - 3 meat rations
 q - 3 beef jerkies
 v - 7 fruits


   Skills:
 + Level 7.1 Fighting
 * Level 8.5 Axes
 + Level 6.5 Armour
 * Level 6.3 Dodging
 + Level 8.1 Shields
 + Level 1.0 Invocations


You had 9 spell levels left.
You didn't know any spells.

Dungeon Overview and Level Annotations

Branches:
Dungeon (8/15)             Temple (1/1) D:5
   Lair: D:8-11

Altars:
Ashenzari
Cheibriados
Dithmenos
Elyvilon
Fedhas
Gozag
Makhleb
Nemelex Xobeh
Okawaru
Qazlal
Ru
Sif Muna
Trog
Vehumet
Xom
Yredelemnul
Zin
The Shining One

Shops:
D:4 %   D:7 ?


Innate Abilities, Weirdness & Mutations

You are under a permanent stasis effect.
You can dig through walls and to a lower floor.
Your four strong arms can wield two-handed weapons with a shield.
You have a pair of large antennae on your head (SInv).


Message History

You hit the warg.
The warg is lightly wounded.
The warg bites you but does no damage. x2
You slash the warg!
The warg is heavily wounded.
The warg closely misses you.
You slash the warg!
The warg is severely wounded.
The warg bites you.
You barely miss the warg.
The warg is severely wounded.
The warg bites you!
* * * LOW HITPOINT WARNING * * *
The warg bites you!
* * * LOW HITPOINT WARNING * * *
All of the chunks of flesh in your inventory have rotted away.
You closely miss the warg.
The warg is severely wounded.
The warg bites you!
You die...

#.#.##.# ###......#
#.>...##.# ###.#.##.#
###.#.##.# .##......#
......#### .####.# ###
......##########@#
...............h###.#.
.#####.##.##.<.o{.....#
## #.._...##..#.###.###
#..#.#......#.#
+..#...#..##.#.#
#..#.#.#....)..#
......#......o###
##...#####.##.......


You could see a warg and an orc.

Vanquished Creatures
  The ghost of Shredu92 the Cleaver, an experienced HOFi (D:7)
  A hill giant (D:7)
  Prince Ribbit (D:8)
  2 wargs (D:8)
  Duvessa (D:5)
  2 ice beasts
  A black bear (D:6)
  2 centaurs
  5 ogres
  A phantom (D:7)
  2 giant frogs (D:6)
  2 big kobolds (D:7)
  Dowan (D:5)
  A scorpion (D:7)
  10 killer bees
  2 crimson imps
  A wasp zombie (D:8)
  An orc priest (D:3)
  2 jellies
  7 orc wizards
  Ijyb (D:2)
  A gnoll shaman (D:6)
  5 hounds
  4 giant frog skeletons
  An iguana (D:6)
  Natasha (thrice) (D:3)
  4 worker ants
  A killer bee zombie (D:6)
  2 hound zombies
  3 gnolls (D:6)
  11 adders
  5 shadow imps
  2 adder skeletons (D:4)
  4 worms
  6 giant geckos
  13 orcs
  3 bats
  2 giant cockroaches
  9 hobgoblins
  12 jackals
  18 kobolds
  2 ball pythons (D:4)
  2 giant gecko skeletons
  3 giant newts
  8 goblins
  3 quokkas
  4 rats
178 creatures vanquished.

Notes
Turn   | Place    | Note
--------------------------------------------------------------
     0 | D:1      | Herrn the Formicid Fighter began the quest for the Orb.
     0 | D:1      | Reached XP level 1. HP: 18/18 MP: 1/1
   204 | D:1      | Reached XP level 2. HP: 21/24 MP: 2/2
   541 | D:2      | Reached skill level 1 in Dodging
   541 | D:2      | Reached XP level 3. HP: 29/29 MP: 3/3
   548 | D:2      | Noticed Ijyb
   557 | D:2      | Killed Ijyb
   557 | D:2      | Reached skill level 4 in Shields
   557 | D:2      | Reached XP level 4. HP: 35/37 MP: 4/4
  1401 | D:3      | Found a shattered altar of Ashenzari.
  1428 | D:3      | Reached XP level 5. HP: 21/42 MP: 5/5
  1612 | D:3      | Found a glowing golden altar of the Shining One.
  1616 | D:3      | Found a burning altar of Makhleb.
  1617 | D:3      | Found a bloodstained altar of Trog.
  1753 | D:3      | Noticed Natasha
  1761 | D:3      | Killed Natasha
  1921 | D:3      | Noticed Natasha
  1927 | D:3      | Killed Natasha
  2154 | D:3      | Noticed Natasha
  2159 | D:3      | Killed Natasha
  2194 | D:3      | Reached XP level 6. HP: 41/48 MP: 6/6
  2908 | D:4      | Reached skill level 5 in Shields
  2908 | D:4      | Reached XP level 7. HP: 37/54 MP: 7/7
  3075 | D:4      | Found Wugeum's Food Shoppe.
  3488 | D:4      | Found a blossoming altar of Fedhas.
  3664 | D:5      | Entered Level 5 of the Dungeon
  3679 | D:5      | Found a staircase to the Ecumenical Temple.
  3690 | Temple   | Entered the Ecumenical Temple
  3694 | Temple   | Became a worshipper of Warmaster Okawaru
  4537 | D:5      | Noticed Duvessa
  4538 | D:5      | Noticed Dowan
  4560 | D:5      | Killed Duvessa
  4560 | D:5      | Reached XP level 8. HP: 32/61 MP: 8/8
  4833 | D:5      | Killed Dowan
  4833 | D:5      | Reached skill level 5 in Axes
  4961 | D:6      | Reached skill level 5 in Fighting
  4980 | D:6      | Acquired Okawaru's first power
  5480 | D:6      | Reached skill level 5 in Armour
  5734 | D:6      | Reached skill level 6 in Shields
  5798 | D:6      | Reached XP level 9. HP: 63/68 MP: 9/9
  5824 | D:6      | Reached skill level 5 in Dodging
  6063 | D:7      | Noticed Shredu92's ghost (experienced HOFi)
  6097 | D:7      | Killed Shredu92's ghost
  6317 | D:7      | Upgraded the game from 0.17-a0-1899-ge84b1df to 0.17-a0-1909-g0b14330
  6321 | D:7      | Noticed a hill giant
  6342 | D:7      | Killed a hill giant
  6342 | D:7      | Reached skill level 7 in Axes
  6652 | D:7      | Reached XP level 10. HP: 69/76 MP: 10/10
  7238 | D:7      | Found Rarghu Xurim's Magic Scroll Emporium.
  7241 | D:7      | Bought a scroll of identify for 24 gold pieces
  7305 | D:8      | Reached skill level 8 in Axes
  7578 | D:8      | Reached skill level 1 in Invocations
  7600 | D:8      | Found a basalt altar of Yredelemnul.
  7623 | D:8      | Noticed Prince Ribbit
  7672 | D:8      | Killed Prince Ribbit
  7808 | D:8      | Slain by a warg

Vault maps used:
D:1:      shiori_arrival_oz
D:2:      uniq_iyjb
D:3:      nicolae_ashenzari_panopticon, grunt_temple_overflow_open, uniq_natasha
D:4:      fedhas_altar_fruit_tree, serial_shops, shop_statue
D:5:      corexii_shack_village, minmay_temple_entry_junction, first_bread,
          minmay_crystal_water, uniq_duvessa
D:7:      serial_shops, kennysheep_mini_moat
D:8:      lemuel_crystal_altar, erik_lair_orcish_takeover, grunt_ogre_cave,
          kennysheep_cluttered_room, solitary_fountain, minmay_bad_closet,
          uniq_prince_ribbit1
Temple:   nicolae_temple_x_marks_the_god

Action                   |  1- 3 |  4- 6 |  7- 9 | 10-12 || total
-------------------------+-------+-------+-------+-------++-------
Melee: War axe           |    47 |   190 |   391 |   165 ||   793
Invok: Heroism           |       |       |     2 |     3 ||     5
 Abil: Dig               |       |     4 |     9 |     2 ||    15
  Use: Potion            |     1 |     1 |     2 |     2 ||     6
       Scroll            |       |       |       |     7 ||     7
  Eat: Chunk             |       |     7 |    10 |       ||    17
       Fruit             |       |       |     1 |       ||     1
       Beef jerky        |       |       |     2 |       ||     2
       Bread ration      |       |       |       |     2 ||     2
